Map: Ruby Rock LE

Players

Calyx

  • Race: Terran Terran
  • League: Master
  • Spawn Location: 11:00

A.I. 1 (Very Easy) - Winner!

  • Race: Protoss Protoss
  • Spawn Location: 5:00

VOD

Have the link to the VOD?

Description

Time

  • Played on: Jan. 10, 2026, 12:50 p.m.
  • Length: 6:14
Show
View Real Time Build Order
Export as new Build Order

Calyx Terran 

Build Orders: Reaper Expand 

Get SALT Encoding   

  12  0:00  SCV  
  13  0:12  SCV  
  14  0:17  Supply Depot  
  14  0:24  SCV  
  15  0:38  SCV  
  15  0:40  Barracks  
  16  0:44  Refinery  
  16  0:51  SCV  
  17  1:03  SCV  
  18  1:15  SCV  
  19  1:27  Orbital Command, Reaper  
  20  1:38  Command Center  
  20  1:48  Barracks  
  20  1:53  SCV  
  22  2:01  Barracks Reactor  
  22  2:03  Supply Depot  
  22  2:06  SCV  
  22  2:15  Barracks  
  22  2:18  SCV  
  23  2:31  SCV  
  23  2:33  Bunker  
  24  2:37  Marine x2  
  24  2:39  Barracks Tech Lab  
  24  2:43  SCV  
  27  2:51  Orbital Command  
  27  2:55  SCV, Marine  
  27  2:56  Marine  
  27  2:57  Marine  
  31  3:04  Barracks Tech Lab  
  31  3:07  SCV  
  31  3:08  Engineering Bay  
  32  3:13  Marine  
  32  3:14  Marine  
  32  3:15  Marine  
  32  3:18  SCV  
  32  3:19  SCV  
  37  3:22  Supply Depot  
  37  3:24  Marine  
  38  3:30  SCV  
  38  3:31  SCV, Marine  
  38  3:32  Marine  
  38  3:33  Marine  
  43  3:35  Terran Infantry Weapons Level 1  
  43  3:42  SCV  
  43  3:43  SCV, Marine  
  43  3:45  Supply Depot  
  33  3:48  Stimpack  
  46  3:49  Marine  
  46  3:51  Marine  
  46  3:53  Marine  
  46  3:55  SCV  
  50  3:57  SCV  
  52  4:07  SCV  
  52  4:08  Supply Depot, Marine  
  52  4:09  SCV, Marine  
  56  4:11  Marauder  
  56  4:12  Marauder  
  56  4:14  Combat Shield  
  59  4:19  SCV  
  59  4:21  SCV  
  61  4:24  Supply Depot  
  61  4:28  Marine  
  61  4:29  Marine  
  63  4:31  SCV  
  63  4:33  SCV, Marauder  
  63  4:34  Refinery, Marauder  
  63  4:36  Refinery  
  70  4:45  SCV  
  70  4:46  SCV, Marine  
  70  4:47  Marine  
  73  4:53  Marine, Refinery  
  73  4:54  Marine  
  76  5:01  Command Center  
  76  5:03  Marine  
  76  5:05  Marine  
  76  5:06  Factory  
  77  5:08  SCV  
  78  5:15  Supply Depot  
  78  5:16  Supply Depot  
  78  5:37  SCV, Marine x4  
  83  5:43  SCV  
  83  5:49  SCV  
  85  5:50  Supply Depot  
  85  5:52  Starport, Factory Reactor  
  85  5:54  Marine x3  
Show
View Real Time Build Order
Export as new Build Order

A.I. 1 (Very Easy) Protoss - Winner!

Build Orders:  

Get SALT Encoding   

  12  0:00  Probe  
  13  0:13  Probe  
  14  0:20  Pylon  
  14  0:36  Assimilator  
  14  0:43  Gateway  
  14  0:47  Pylon  
  14  1:13  Assimilator  
  14  1:22  Probe  
  14  1:30  Probe  
  14  1:32  Zealot  
  17  1:34  Cybernetics Core  
  17  1:38  Probe  
  19  1:49  Probe  
  20  1:59  Probe, Warp Gate  
  21  2:07  Probe  
  22  2:37  Stalker  
Tags
 
League
Master
Matchup
PvT
Spawn Locations
Cross Positions
Add a new tag
Caveats
  • Supply blocks, unpowered buildings, or Contaminate may cause inaccurate times.
  • Supply counts are checked every 10 seconds.